 Dungeon Crawl Stone Soup version 0.30.1-4-g462c640d31 (webtiles) character file.

Game seed: 2362153791402219641

10402 hawla the Arsonist (level 12, -3/88 HPs)
             Began as a Meteoran Fire Elementalist on Aug 25, 2023.
             Was a Believer of Vehumet.
             Slain by a dire elephant (11 damage)
             ... in a Gauntlet.
             The game lasted 00:25:55 (4604 turns).

hawla the Arsonist (Meteoran Fire Elementalist)     Turns: 4604, Time: 00:25:55

Health: -3/88      AC:  8    Str: 13    XL:     12   Next: 19%
Magic:  13/29      EV: 14    Int: 21    God:    Vehumet [**....]
Gold:   289        SH:  5    Dex: 17    Spells: 16/35 levels left

rFire   . . .        p - +0 demon whip (venom)
rCold   . . .        (no shield)
rNeg    . . .        n - +0 steam dragon scales
rPois   .            y - +0 helmet {SInv}
rElec   .            s - +0 cloak
rCorr   .            c - +0 pair of gloves
SInv    +            (no boots)
Will    ++...        g - amulet of reflection
Stlth   +            w - ring of willpower
HPRegen 0.34/turn    (no ring)
MPRegen 0.21/turn

%: no teleportation, reflection
@: glowing
A: sense surroundings 2, otherworldly, glowing, explore regen, hooves 1, agile
1, strong 1
a: Renounce Religion


You were in a Gauntlet.
You worshipped Vehumet.
Vehumet was pleased with you.
You visited 3 branches of the dungeon, and saw 11 of its levels.
You also visited: Gauntlet.

You collected 458 gold pieces.
You spent 169 gold pieces at shops.

Inventory:

Hand Weapons
 p - a +0 demon whip of venom (weapon)
Armour
 c - a +0 pair of gloves (worn)
 n - +0 steam dragon scales (worn)
 s - a +0 cloak (worn)
 y - a +0 helmet of see invisible (worn)
Magical Staves
 i - a staff of fire
Jewellery
 g - an amulet of reflection (around neck)
 w - a ring of willpower (left hand)
Wands
 o - a wand of digging (5)
 x - a wand of mindburst (25) (quivered)
Scrolls
 a - a scroll of fear
 e - 4 scrolls of fog
 f - a scroll of amnesia
 j - 7 scrolls of teleportation
 q - a scroll of blinking
 r - a scroll of poison
Potions
 b - a potion of lignification
 d - a potion of curing
 h - a potion of resistance
 k - a potion of attraction
 l - 4 potions of heal wounds {unknown}
 m - 4 potions of flight {unknown}
 u - a potion of haste {unknown}
 v - a potion of might {unknown}
 z - a potion of magic


   Skills:
 + Level 2.6 Fighting
 + Level 1.9(2.4) Maces & Flails
 + Level 2.0(2.4) Staves
 + Level 4.7 Dodging
 - Level 1.4 Stealth
 + Level 12.2 Spellcasting
 + Level 11.3 Conjurations
 + Level 12.5 Fire Magic
 + Level 3.0 Evocations


You had 16 spell levels left.
You knew the following spells:

 Your Spells              Type           Power      Damage    Failure   Level
a - Foxfire               Conj/Fire      100%       2x1d9     1%          1
b - Scorch                Fire           100%       2d9       1%          2
c - Flame Wave            Conj/Fire      58%        2d14      1%          4
d - Fire Storm            Conj/Fire      29%        8d7       100%        9
e - Hailstorm             Conj/Ice       36%        3d9       1%          3

Your spell library contained the following spells:

 Spells                   Type           Power      Damage    Failure   Level
 Inner Flame              Hex/Fire       39%        N/A       1%          3
 Volatile Blastmotes      Fire/Tloc      78%        2d16      1%          3
 Chain Lightning          Conj/Air       18%        3d24      100%        9
 Shatter                  Erth           6%         3d9*      100%        9


Dungeon Overview and Level Annotations

Branches:
Dungeon (9/15) Zot: 1224   Temple (1/1) D:6 Zot: 306    Lair (1/5) D:8 Zot: 558
Gauntlet (1/1) Zot: 449
    Orc: D:9-12

Altars:
Ashenzari
Cheibriados
Fedhas
Hepliaklqana
Kikubaaqudgha
Makhleb
Okawaru
Qazlal
Sif Muna
Trog
Vehumet
Xom
Yredelemnul
Zin

Shops:
D:4 *   D:6 *(?:=

Annotations:
Gauntlet 3 transporters


Innate Abilities, Weirdness & Mutations

You passively map the area around you.
You are easily found by Zot.
You glow in the dark.
You regain HP and MP as you explore.
You have large cloven feet.
You are agile. (Dex +4, Str/Int -1)
Your muscles are strong. (Str +4, Int/Dex -1)


Message History

Confirm with . or Enter, or press ? or * to list all spells.
Casting: Hailstorm (safe; 1% risk of failure)
Press: ? - help, Dir - look around, f - activate A cannonade of hail descends around you!
The hail pelts the elephant!
The elephant is moderately wounded.
The hail pelts the dire elephant.
The dire elephant is moderately wounded.
The elephant tramples you but does no damage.
The elephant trunk-slaps you but does no damage.
Casting: Hailstorm (safe; 1% risk of failure)
Confirm with . or Enter, or press ? or * to list all spells.
Casting: Hailstorm (safe; 1% risk of failure)
Press: ? - help, Dir - look around, f - activate A cannonade of hail descends around you!
The hail pelts the dire elephant!!
The dire elephant is heavily wounded.
The hail pelts the elephant!
The elephant is severely wounded.
The elephant tramples you but does no damage.
The elephant misses you. The elephant tramples you.
You hold your ground!
You block the elephant's attack.
Casting: Hailstorm (safe; 1% risk of failure)
Confirm with . or Enter, or press ? or * to list all spells.
Casting: Flame Wave (safe; 1% risk of failure)
Press: ? - help, Dir - look around, f - activate A wave of flame ripples out!
The flame wave engulfs the dire elephant!
The dire elephant is heavily wounded.
The flame wave engulfs the elephant!
The elephant is lightly wounded.
The flame wave engulfs the elephant but does no damage.
The elephant is moderately wounded. (Press . to intensify the flame waves.)
The elephant tramples you!
You stumble backwards!
The elephant fails to trigger a net trap.
The dire elephant tramples you!!
* * * LOW HITPOINT WARNING * * *
You hold your ground!
The dire elephant trunk-slaps you!
You die...

#≈#≈#≈#§#≈#≈#≈#≈#§#≈#≈#§#§
.................§...§.... #
.................§...§§.§.≈#
##..#########..#########§.##
.#..#.......#..#...Y.# ..≈#
.#..#..##†.##..#.##.####..##*
#####y##.†######.##.^.?#..≈#
*
©#©©###.©##©#©©#Y#Y©.#©#..##*
, ######..##..####@YY.##
#..≈# * .#..#..##..[#..####.#
,*..## ,
(#..#.......#..##*.... .#. ,
##..#########..######### #©
........................∩ *.
* ...................... .. ,
, ###########..########## .,*
, , #...#D#...#..#b^hb., , *
#..#...#..#..#.##^. *, ,,


You could see a dire elephant, 3 elephants and a fire bat (wandering).

Vanquished Creatures
  Erica (D:8)
  A two-headed ogre (D:9)
  A sixfirhy (Gauntlet)
  Amaemon (D:8)
  An orange demon (D:8)
  A rime drake (Lair:1)
  3 hornets (Gauntlet)
  A troll (D:9)
  Prince Ribbit (D:6)
  2 dream sheep (D:8)
  10 yaks
  A wyvern (D:7)
  A steam dragon (D:8)
  Grum (D:8)
  Edmund (D:6)
  An acid dragon (D:6)
  2 water moccasins
  An orc warrior (D:8)
  A sky beast (D:7)
  2 ice beasts (D:8)
  A black bear (D:6)
  4 ogres
  7 wolves
  3 centaurs
  5 phantoms
  2 kobold brigands
  2 bullfrogs
  A gnoll sergeant (D:5)
  2 scorpions
  7 wights
  3 killer bees (D:8)
  2 electric eels (D:6)
  A howler monkey (D:6)
  5 jellies
  5 hounds
  2 orc priests
  2 gnoll boudas
  2 iguanas (D:6)
  A sleepcap (D:7)
  4 orc wizards
  13 gnolls
  4 adders
  A white imp (D:7)
  8 ufetubi
  4 worms
  2 dart slugs
  25 orcs
  3 bats
  4 endoplasms
  2 hobgoblins
  6 jackals
  2 quokkas
  5 ball pythons
  A frilled lizard (D:3)
  2 goblins (D:3)
  16 kobolds
193 creatures vanquished.

Vanquished Creatures (collateral kills)
  3 foxfires (D:5)
3 creatures vanquished.

Vanquished Creatures (others)
  250 foxfires
250 creatures vanquished.

Grand Total: 446 creatures vanquished

Notes
Turn   | Place    | Note
-------+----------+-------------------------------------------
     0 | D:1      | hawla the Meteoran Fire Elementalist began the quest for
                  | the Orb.
     0 | D:1      | Reached XP level 1. HP: 14/14 MP: 5/5
   146 | D:1      | Reached XP level 2. HP: 20/20 MP: 6/6
   165 | D:1      | Learned a level 2 spell: Scorch
   228 | D:2      | Reached XP level 3. HP: 26/26 MP: 0/8
   745 | D:3      | Reached skill level 1 in Evocations
   745 | D:3      | Reached XP level 4. HP: 33/33 MP: 7/10
   750 | D:3      | Learned a level 4 spell: Flame Wave
  1011 | D:4      | Reached XP level 5. HP: 38/38 MP: 8/11
  1028 | D:4      | Noticed an ogre
  1043 | D:4      | Noticed a phantom
  1049 | D:4      | Killed a phantom
  1050 | D:4      | Reached XP level 6. HP: 32/45 MP: 1/12
  1055 | D:4      | Found Feaseq's General Store.
  1067 | D:4      | Bought a potion of curing for 36 gold pieces
  1067 | D:4      | Bought a scroll of teleportation for 36 gold pieces
  1102 | D:5      | Entered Level 5 of the Dungeon
  1106 | D:5      | Noticed a water moccasin
  1142 | D:5      | Killed a water moccasin
  1143 | D:5      | Reached skill level 5 in Fire Magic
  1143 | D:5      | Reached XP level 7. HP: 51/51 MP: 7/14
  1161 | D:5      | Reached skill level 1 in Staves
  1244 | D:4      | Reached skill level 5 in Conjurations
  1273 | D:4      | Reached skill level 5 in Spellcasting
  1273 | D:4      | Reached XP level 8. HP: 52/58 MP: 3/16
  2064 | D:5      | Reached skill level 1 in Fighting
  2156 | D:5      | Gained mutation: You passively map the area around you.
                  | [Meteoran growth]
  2156 | D:5      | Reached XP level 9. HP: 56/64 MP: 14/20
  2270 | D:6      | Found Qeniwoto's Book Boutique.
  2317 | D:6      | Found Kosij's Magic Scroll Boutique.
  2327 | D:6      | Noticed Edmund
  2337 | D:6      | Killed Edmund
  2345 | D:6      | Bought a scroll of blinking for 97 gold pieces
  2353 | D:6      | Noticed Prince Ribbit
  2359 | D:6      | Killed Prince Ribbit
  2421 | D:6      | Found Joimaras's General Store.
  2505 | D:6      | Found a basalt altar of Yredelemnul.
  2505 | D:6      | Found a stormy altar of Qazlal.
  2535 | D:6      | Reached XP level 10. HP: 73/73 MP: 19/24
  2537 | D:6      | Found a staircase to the Ecumenical Temple.
  2543 | Temple   | Entered the Ecumenical Temple
  2563 | Temple   | Gained mutation: You have large cloven feet. [potion of
                  | mutation]
  2563 | Temple   | Gained mutation: Your muscles are strong. (Str +4, Int/Dex
                  | -1) [potion of mutation]
  2563 | Temple   | Gained mutation: You are agile. (Dex +4, Str/Int -1)
                  | [potion of mutation]
  2585 | Temple   | Became a worshipper of Vehumet
  2858 | D:6      | Found Kiusm's Jewellery Emporium.
  2931 | D:6      | Found Hiqouf's Weapon Shop.
  3093 | D:8      | Noticed an orange demon
  3102 | D:8      | Killed an orange demon
  3103 | D:8      | Reached skill level 10 in Spellcasting
  3103 | D:8      | Reached skill level 10 in Fire Magic
  3103 | D:8      | Noticed Amaemon
  3136 | D:7      | Found a snail-covered altar of Cheibriados.
  3286 | D:7      | Identified the +0 scale mail "Piumaij" {+Inv}
  3326 | D:7      | Reached * piety under Vehumet
  3326 | D:7      | Offered knowledge of Freeze by Vehumet.
  3555 | D:8      | Noticed Erica
  3563 | D:8      | Killed Erica
  3604 | D:8      | Killed Amaemon
  3605 | D:8      | Reached XP level 11. HP: 79/79 MP: 13/27
  3630 | D:7      | Learned a level 9 spell: Fire Storm
  3964 | D:8      | Noticed Grum
  4045 | D:9      | Noticed a two-headed ogre
  4049 | D:9      | Killed a two-headed ogre
  4100 | D:9      | Reached skill level 10 in Conjurations
  4191 | D:8      | Reached ** piety under Vehumet
  4192 | D:8      | Offered knowledge of Static Discharge by Vehumet.
  4355 | D:8      | Reached skill level 1 in Maces & Flails
  4356 | D:8      | Killed Grum
  4376 | D:8      | Found a staircase to the Lair.
  4418 | Lair:1   | Entered Level 1 of the Lair of Beasts
  4423 | Lair:1   | Found a gate leading to a gauntlet.
  4428 | Lair:1   | Reached XP level 12. HP: 60/88 MP: 21/29
  4448 | Lair:1   | Found an ancient bone altar of Kikubaaqudgha.
  4460 | Gauntlet | Entered a Gauntlet
  4460 | Gauntlet | Found a runed translucent gate.
  4460 | Gauntlet | Found a transporter.
  4460 | Gauntlet | Found a transporter.
  4460 | Gauntlet | Found a transporter.
  4461 | Gauntlet | Noticed a sixfirhy
  4463 | Gauntlet | Found a runed translucent gate.
  4464 | Gauntlet | Found a runed translucent gate.
  4472 | Gauntlet | Found a transporter.
  4474 | Gauntlet | Found a transporter.
  4479 | Gauntlet | Killed a sixfirhy
  4480 | Gauntlet | Offered knowledge of Hailstorm by Vehumet.
  4492 | Gauntlet | Learned a level 3 spell: Hailstorm
  4515 | Gauntlet | Found a transporter.
  4515 | Gauntlet | Found a transporter.
  4515 | Gauntlet | Noticed a hell hog
  4520 | Gauntlet | Noticed a dire elephant
  4596 | Gauntlet | Found a transporter.
  4604 | Gauntlet | Slain by a dire elephant

Illustrated notes

Levels and vault maps discovered:
D:1:      minmay_arrival_widening_spiral_wide, layout_basic, minmay_fountain_box
D:2:      layout_loops_ring
D:3:      minmay_skewed_foursquare, layout_loops_cross, lemuel_round_altar
D:4:      layout_basic, serial_shops, nicolae_shop_hallway_plus,
          palyth_stone_intersect, chequers_serial_rivers_large_b
D:5:      layout_gridville, serial_bayou_lagoon_a, lightli_minifort
D:6:      layout_loops_ring, mainiacjoe_overflow_divided_tiny,
          minmay_temple_entry_proselytizer, serial_shops,
          nicolae_inconvenience_store, shop, nicolae_shop_statue_plus,
          nicolae_shop_trees, shop, grunt_ministairs_12, uniq_prince_ribbit1,
          uniq_edmund
D:7:      layout_loops_ring, mainiacjoe_overflow_concentric_impassable,
          grunt_decor_clamped, minmay_puff
D:8:      layout_basic, hellmonk_lair_entry_icy, dreamdust_gnoll_shepherd,
          uniq_erica, uniq_amaemon, uniq_grum
D:9:      layout_basic, uniq_pikel
Temple:   nicolae_temple_bog_church
Lair:1:   layout_cave_shapes, gauntlet_entry_generic, basic_altar,
          minmay_shattered_shrine
Gauntlet: minmay_gauntlet_mixed_big_or_small [nicolae_gauntlet_arena_grate_2,
          minmay_gauntlet_arena_77_run_for_it,
          gammafunk_gauntlet_arena_chambers, minmay_gauntlet_arena_77_two_lines,
          gammafunk_gauntlet_arena_corners, minmay_gauntlet_arena_77_p_blocks,
          nicolae_gauntlet_exit_dead_adventurers]

Skill      XL: |  1  2  3  4  5  6  7  8  9 10 11 |
---------------+----------------------------------+-----
Fire Magic     | 4 5 7 9 11 12 | 12.5
Spellcasting   | 3 4 5 7 9 11 12 | 12.2
Evocations     | 1 3 |  3.0
Conjurations   | 2 4 5 6 11 | 11.3
Dodging        | 3 4 |  4.7
Staves         | 1 2 |  2.0
Fighting       | 1 2 |  2.6
Maces & Flails | 1 |  1.9
Stealth        | |  1.4

Action                     |  1- 3 |  4- 6 |  7- 9 | 10-12 || total
---------------------------+-------+-------+-------+-------++-------
  Melee: Whip              |     3 |       |       |       ||     3
         Unarmed           |     2 |       |       |       ||     2
         Staff             |     4 |    25 |    10 |    17 ||    56
         Flail             |     4 |       |       |       ||     4
         Kick              |       |       |       |    13 ||    13
         Demon whip        |       |       |       |    23 ||    23
   Cast: Foxfire           |    14 |    26 |    61 |    42 ||   143
         Scorch            |    10 |     6 |    41 |    46 ||   103
         Flame Wave        |       |     3 |    10 |    32 ||    45
         Hailstorm         |       |       |       |     3 ||     3
    Use: Scroll            |     1 |     3 |     2 |    12 ||    18
         Potion            |       |     3 |     1 |     1 ||     5
 Armour: Robe              |     7 |    12 |     5 |    21 ||    45
         Steam dragon scal |       |       |       |    21 ||    21
  Dodge: Dodged            |     8 |    47 |    24 |    74 ||   153
  Block: Other             |       |       |       |    31 ||    31
         Reflection        |       |       |       |     4 ||     4
